 Dungeon Crawl Stone Soup version 0.23.2-1-ga50397a (webtiles) character file.

Game seed: 12912863425419532980

832 troglodite the Sneak (level 8, -9/60 HPs)
             Began as a Formicid Assassin on May 16, 2019.
             Splashed by a centaur's acid (14 damage)
             ... on level 5 of the Dungeon.
             The game lasted 00:19:00 (5778 turns).

troglodite the Sneak (Formicid Assassin)            Turns: 5778, Time: 00:19:01

Health: -9/60      AC:  7    Str: 16    XL:     8   Next: 18%
Magic:  8/8        EV:  8    Int: 16    God:
Gold:   276        SH:  0    Dex: 14    Spells: 7/7 levels left

rFire    . . .     SeeInvis +   s - +2 dagger (speed)
rCold    . . .     Gourm    .   (no shield)
rNeg     . . .     Faith    .   i - +0 chain mail
rPois    .         Spirit   .   (helmet unavailable)
rElec    .         Reflect  .   d - +0 cloak
rCorr    .         Harm     .   q - +0 pair of gloves
MR       .....                  (no boots)
Stlth    ..........             (no amulet)
HPRegen  0.20/turn              p - +5 ring of intelligence
MPRegen  0.11/turn              (no ring)

@: corroded
A: permanent stasis, dig shafts and tunnels, four strong arms, antennae 3
a: Dig, Shaft Self


You were on level 5 of the Dungeon.
You were hungry.

You visited 1 branch of the dungeon, and saw 5 of its levels.

You collected 276 gold pieces.

Inventory:

Hand Weapons
 b - a +0 blowgun
 j - a +0 hunting sling
 s - a +2 dagger of speed (weapon)
Missiles
 e - 29 poisoned needles
 f - 2 curare-tipped needles
 k - 87 stones (quivered)
Armour
 d - a +0 cloak (worn)
 i - a +0 chain mail (worn)
 q - a +0 pair of gloves (worn)
 z - a +0 pair of boots
Jewellery
 p - a +5 ring of intelligence (left hand)
Wands
 y - a wand of disintegration (18)
Scrolls
 c - 4 scrolls of identify {unknown}
 l - 4 scrolls of remove curse {unknown}
 m - 2 scrolls of fear {unknown}
 o - 3 scrolls of teleportation {unknown}
 r - 3 scrolls of magic mapping {unknown}
 u - 2 scrolls of immolation {unknown}
 x - 2 scrolls of enchant armour {unknown}
Potions
 h - a potion of heal wounds {unknown}
 n - 2 potions of degeneration {unknown}
 t - a potion of agility {unknown}
 v - 4 potions of curing {unknown}
 w - a potion of cancellation {unknown}
Comestibles
 a - a chunk of flesh
 g - 6 rations


   Skills:
 * Level 4.1 Fighting
 * Level 4.9 Short Blades
 * Level 2.7(3.2) Slings
 + Level 2.3(2.8) Throwing
 * Level 4.2 Armour
 * Level 2.4 Dodging
 * Level 6.3 Stealth


You had 7 spell levels left.
You didn't know any spells.
Your spell library was empty.

Dungeon Overview and Level Annotations

Branches:
Dungeon (5/15)
 Temple: D:4-7

Altars:


Innate Abilities, Weirdness & Mutations

You cannot be hasted, slowed, berserked, paralysed or teleported.
You can dig through walls and to a lower floor.
Your four strong arms can wield two-handed weapons with a shield.
You have a pair of large antennae on your head. (SInv)


Message History

A jelly comes into view.
The adder bites the plant but does no damage. x2
You see here a pair of boots.
z - a pair of boots The adder bites the plant.
The plant is poisoned.
The adder poisons the plant!
The adder bites the plant but does no damage.
Something bites the plant but does no damage.
Something bites the plant.
A centaur comes into view. It is carrying a wand of acid (10).
The centaur shouts!
The jelly jiggles.
The centaur wields a +0 shortbow.
The centaur shoots an arrow.
The arrow hits you.
You see here an arrow.
The centaur zaps a wand.
The bolt of acid hits you! The acid corrodes you!
You are splashed with acid!
The centaur zaps a wand.
The bolt of acid hits you!!
* * * LOW HITPOINT WARNING * * *
You are splashed with acid!
You die...

#.# #.# ... #)#
..# #.# ..##
#.###....
#<##..## #......#
#....<.# #.J.@..#
#.
#(##.#.######SP
###.#..#.#....PPP
#...c.#.......PP≈
#....##........≈≈
#....##......PP≈≈
#............≈≈≈≈
#.....#.....PP≈♣♣
#.....#......P♣PP


You could see a centaur and a jelly.

Vanquished Creatures
  Sigmund (D:2)
  2 phantoms
  Blork the orc (D:5)
  A scorpion (D:4)
  2 hounds (D:4)
  A bullfrog skeleton (D:4)
  Crazy Yiuf (D:3)
  An iguana (D:4)
  Natasha (D:3)
  A hound skeleton (D:4)
  A hound zombie (D:5)
  A howler monkey skeleton (D:4)
  3 gnolls (D:4)
  4 adders
  2 oozes
  3 worms
  2 dart slugs
  3 leopard geckos
  7 orcs
  5 giant cockroaches
  3 hobgoblins
  4 jackals
  3 quokkas
  A ball python (D:1)
  8 bats
  5 frilled lizards
  11 goblins
  8 kobolds
  4 rats
90 creatures vanquished.

Notes
Turn   | Place    | Note
-------+----------+-------------------------------------------
     0 | D:1      | troglodite the Formicid Assassin began the quest for the
                  | Orb.
     0 | D:1      | Reached XP level 1. HP: 16/16 MP: 1/1
   119 | D:1      | Reached skill level 1 in Dodging
   215 | D:1      | Reached XP level 2. HP: 23/23 MP: 2/2
   272 | D:1      | Reached skill level 5 in Stealth
   614 | D:1      | Reached XP level 3. HP: 28/28 MP: 3/3
  1377 | D:2      | Noticed Sigmund
  1878 | D:2      | Reached skill level 1 in Slings
  1878 | D:2      | Reached XP level 4. HP: 34/34 MP: 4/4
  2434 | D:2      | Killed Sigmund
  2434 | D:2      | Reached XP level 5. HP: 20/41 MP: 5/5
  2434 | D:2      | Reached XP level 6. HP: 23/47 MP: 6/6
  3289 | D:3      | Noticed a phantom
  3698 | D:3      | Killed a phantom
  3755 | D:3      | Noticed Natasha
  3767 | D:3      | Killed Natasha
  3767 | D:3      | Reached XP level 7. HP: 50/52 MP: 7/7
  3957 | D:3      | Found a runed translucent door.
  3958 | D:3      | Noticed Crazy Yiuf
  3976 | D:3      | Killed Crazy Yiuf
  4189 | D:4      | Reached skill level 6 in Stealth
  5225 | D:4      | Reached XP level 8. HP: 55/60 MP: 8/8
  5701 | D:5      | Entered Level 5 of the Dungeon
  5701 | D:5      | Noticed Blork the orc
  5729 | D:5      | Killed Blork the orc
  5778 | D:5      | Splashed by a centaur's acid

Skill      XL: |  1  2  3  4  5  6  7  8 |
---------------+-------------------------+-----
Dodging        | 1 2 |  2.4
Stealth        | 5 6 |  6.3
Slings         | 1 2 |  2.7
Fighting       | 3 4 |  4.1
Short Blades   | 3 4 |  4.9
Armour         | 2 3 4 |  4.2
Throwing       | |  2.3

Action                   |  1- 3 |  4- 6 |  7- 9 || total
-------------------------+-------+-------+-------++-------
Melee: Dagger            |   143 |   204 |   316 ||   663
 Fire: Blowgun           |     5 |       |       ||     5
  Eat: Chunk             |     2 |     4 |     2 ||     8
       Ration            |     1 |       |     1 ||     2
Armor: Chain mail        |   113 |    44 |    78 ||   235
       Robe              |     2 |       |       ||     2
Dodge: Dodged            |    62 |    46 |    60 ||   168
